[Event "Late-Titled-Tuesday-Blitz-September-05-2023"]
[Site "Chess.com"]
[Date "2023.09.05"]
[Round "7"]
[White "cthulhuuu"]
[Black "Keaton87"]
[Result "0-1"]
[WhiteElo "2464"]
[BlackElo "2625"]
[TimeControl "180+1"]
[EndTime "15:18:14 PDT"]
[Termination "Keaton87 won on time"]

1. e4 c5 2. Nf3 Nc6 3. g3 g6 4.
Bg2 Bg7 5. O-O e5 6. d3 Nge7 7. Nc3 O-O 8. Nd2 d6 9. Nc4 h6 10. a4 f5 11. f4 Be6 12. Nd5 exf4 13. gxf4 fxe4 14. dxe4 Bxd5 15. exd5 Na5 16. Nxa5 Qxa5 17. Qe1 Qxe1 18. Rxe1 Nf5 19. c3 Rae8 20. Bd2 Kf7 21. Re6 Rxe6 22. dxe6+ Kxe6 23. Re1+ Kd7 24. Bxb7 Rb8 25.
Bd5 Rxb2 26. Bc1 Rc2 27. c4 Bd4+ 28. Kh1 Ne7 29. Be6+ Kd8 30. Bf7 Ra2 31. f5 Nxf5 32.
Bxg6 Nh4 33. Be4 Bg7 34. Bf4 Rxa4 35. Bd5 Nf5 36. Rg1 Be5 37. Rg8+ Ke7 38. Bxe5 dxe5 39. Rg6 Ne3 40. Kg1 Nxc4 41. Rxh6 Ne3 42. Re6+ Kd7 43. Bf3 Kxe6 0-1

[Event "Late-Titled-Tuesday-Blitz-September-05-2023"]
[Site "Chess.com"]
[Date "2023.09.05"]
[Round "7"]
[White "RIPOL"]
[Black "cande_francisco"]
[Result "1-0"]
[WhiteElo "2435"]
[BlackElo "2534"]
[TimeControl "180+1"]
[EndTime "15:18:14 PDT"]
[Termination "RIPOL won by resignation"]

1. d4 Nf6 2. c4 c5 3. d5 e6 4. Nc3 exd5 5. cxd5 d6 6. h3 g6 7. e4 Bg7 8. Nf3 O-O 9. Bd3 b5 10. Bxb5 Nxe4 11. Nxe4 Qa5+ 12. Nfd2 Qxb5 13. Nxd6 Qa6 14. N2c4 Nd7 15. O-O Ne5 16. Nxe5 Qxd6 17. Nc4 Qa6 18. Ne3 Bb7 19. Bd2 Bxb2 20. Rb1 Be5 21. Qb3 Rab8 22.
Qc4 Rfd8 23. Qxc5 Qxa2 24. Qe7 Bd6 25. Qg5 Qxd2 26. Rxb7 Qd4 27. Rxb8 Rxb8 28. Ng4 Qf4 29. Qxf4 Bxf4 30. Ra1 Bd6 31. g3 Rb7 32. Nf6+ Kf8 33.
Nxh7+ Kg7 34. Ng5 Be5 35. Ra2 Bd4 36. Nf3 Bb6 37. Ne5 Kf6 38. Nc6 Rd7 39. Rd2 a5 40. Kg2 a4 41. Ra2 Rxd5 42. Rxa4 Rd2 43. Rf4+ Kg7 44.
Ne5 Bc7 45. Rxf7+ 1-0

[Event "Late-Titled-Tuesday-Blitz-September-05-2023"]
[Site "Chess.com"]
[Date "2023.09.05"]
[Round "7"]
[White "Verony64"]
[Black "Qvalda"]
[Result "1-0"]
[WhiteElo "2258"]
[BlackElo "2343"]
[TimeControl "180+1"]
[EndTime "15:18:14 PDT"]
[Termination "Verony64 won on time"]

1. e4 e6 2. d3 d5 3. e5 Nc6 4. f4 h5 5. Nf3 Nh6 6. g3 Nf5 7. c3 Be7 8. Bg2 h4 9. g4 h3 10. Bf1 Nh4 11. Be3 Nxf3+ 12. Qxf3 Bh4+ 13. Bf2 d4 14. c4 Nb4 15. Na3 Bd7 16. Rg1 Bc6 17.
Qe2 a6 18. Qd2 Qe7 19. O-O-O Nxa2+ 20. Kb1 Nb4 21. Bxd4 O-O-O 22. Qe3 a5 23. Bc5 Qd7 24. d4 b6 25. Bxb4 axb4 26. Nc2 b3 27. Qxb3 Be4 28.
Rd2 Qc6 29. Bd3 Bg2 30. Qa3 g5 31. f5 Kb7 32. Rc1 Ra8 33. Qb3 Qa4 34. Qxa4 Rxa4 35. c5 Bd5 36. Na3 Rha8 37. Bc4 c6 38. Bxd5 cxd5 39.
Rd3 b5 40. Rxh3 b4 41. Rb3 Kc6 42. Nc2 Bf2 43. Rxb4 Rxb4 44. Nxb4+ Kb5 45. Nc2 1-0

[Event "Late-Titled-Tuesday-Blitz-September-05-2023"]
[Site "Chess.com"]
[Date "2023.09.05"]
[Round "7"]
[White "Sjakkerntobi"]
[Black "Willychess95"]
[Result "0-1"]
[WhiteElo "2481"]
[BlackElo "2701"]
[TimeControl "180+1"]
[EndTime "15:18:16 PDT"]
[Termination "Willychess95 won on time"]

1. e4 c5 2. Nf3 Nc6 3. d4 cxd4 4.
Nxd4 e5 5. Nb5 d6 6. N1c3 a6 7. Na3 Be6 8. Nc4 b5 9. Ne3 Nf6 10. Ned5 Be7 11. Be3 O-O 12. Nxf6+ Bxf6 13. Be2 Bg5 14.
Qd2 Bxe3 15. Qxe3 Nd4 16. Bd3 Rc8 17. O-O b4 18. Ne2 Nxc2 19. Bxc2 Rxc2 20. b3 Qa5 21. Ng3 Rxa2 22. Rad1 Qc5 23. Qf3 a5 24. Nf5 Bxf5 25. exf5 f6 26. Qb7 Qc8 27. Qd5+ Kh8 28. Qxd6 Rc2 29.
Rd5 Rc6 30. Qe7 Re8 31. Qf7 Rc7 32. Qh5 Ra7 33. Rfd1 Rf8 34. R5d3 Qe8 35. Qh4 a4 36. Qxb4 a3 37. Ra1 Qa8 38. Rd2 Rb8 39. Qc3 h6 40. Rda2 Qe4 41. h3 Rba8 42. b4 Qxf5 43. Rxa3 Rxa3 44.
Rxa3 Rc8 0-1

[Event "Late-Titled-Tuesday-Blitz-September-05-2023"]
[Site "Chess.com"]
[Date "2023.09.05"]
[Round "7"]
[White "Cmorales2001"]
[Black "laskakid"]
[Result "1-0"]
[WhiteElo "2431"]
[BlackElo "2242"]
[TimeControl "180+1"]
[EndTime "15:18:17 PDT"]
[Termination "Cmorales2001 won on time"]

1. e4 e5 2. Nf3 Nc6 3. Bc4 Nf6 4. d3 h6 5. c3 d6 6. O-O g5 7. Re1 Bg7 8. a4 a5 9. Na3 O-O 10. Nc2 d5 11. exd5 Nxd5 12. Ne3 Nf4 13. g3 Ng6 14. Nd2 Kh7 15. Qh5 f5 16. Nf3 g4 17. Nd2 Nce7 18. f3 gxf3 19. Nxf3 Bf6 20. Ng2 f4 21. d4 exd4 22.
Bxf4 Nxf4 23. Nxf4 Bf5 24. Ne6 Bxe6 25. Rxe6 Qe8 26. Bd3+ Kg7 27. Qg4+ Kh8 28. cxd4 Ra6 29. Rae1 Rxe6 30. Qxe6 Qxa4 31. Qe4 Rf7 32. Ne5 Rg7 33. Rf1 Bxe5 34. Qxe5 Ng8 35. Rf2 Qd1+ 36. Bf1 Qg4 37. Rf7 h5 38. Rxc7 h4 39. Rxb7 hxg3 40. hxg3 Qxg3+ 41. Qxg3 Rxg3+ 42. Kf2 Rg4 43. Ke3 Nf6 44. Bd3 Rg3+ 45.
Kd2 1-0

[Event "Late-Titled-Tuesday-Blitz-September-05-2023"]
[Site "Chess.com"]
[Date "2023.09.05"]
[Round "7"]
[White "Mesa_1"]
[Black "artin10862"]
[Result "1-0"]
[WhiteElo "2625"]
[BlackElo "2911"]
[TimeControl "180+1"]
[EndTime "15:18:19 PDT"]
[Termination "Mesa_1 won on time"]

1. d4 Nf6 2. c4 e6 3. Nf3 d5 4. Nc3 Bb4 5. e3 O-O 6. Bd2 b6 7. cxd5 exd5 8. Rc1 Bb7 9. Bd3 Re8 10. O-O Bf8 11.
Ne5 c5 12. Bb5 Nbd7 13. f4 a6 14. Bd3 Ne4 15. Nxe4 dxe4 16. Nxf7 Kxf7 17. Bc4+ Ke7 18. Qh5 Qc7 19. dxc5 Nf6 20. Qh3 bxc5 21. Bc3 Nd5 22.
Be5 Qd7 23. Qh4+ Kf7 24. Rcd1 Kg8 25. Rxd5 Bxd5 26. Rd1 Kh8 27. Rxd5 Qa4 28. b3 Qxa2 29. h3 Qb1+ 30. Kh2 Qc1 31. Rd7 Qxe3 32. Qg4 Qd4 33.
Bxd4 cxd4 34. Bf7 Re7 35. Rxe7 Bxe7 36. Bd5 Rd8 37. Bxe4 Bf6 38. Qf5 Kg8 39. Qxh7+ Kf8 40. Qf5 1-0

[Event "Late-Titled-Tuesday-Blitz-September-05-2023"]
[Site "Chess.com"]
[Date "2023.09.05"]
[Round "7"]
[White "Good_Knight_Kiss"]
[Black "boldpilot22622"]
[Result "0-1"]
[WhiteElo "2335"]
[BlackElo "2508"]
[TimeControl "180+1"]
[EndTime "15:18:19 PDT"]
[Termination "boldpilot22622 won on time"]

1. e4 c5 2. Nf3 Nc6 3. d4 cxd4 4.
Nxd4 Nf6 5. Nc3 e5 6. Ndb5 d6 7. Nd5 Nxd5 8. exd5 Ne7 9. c4 Nf5 10. Bd3 g6 11. O-O Bg7 12. Bd2 O-O 13. Rc1 Qh4 14. g3 Qh3 15. Re1 a6 16. Bf1 Qh5 17. Be2 Qh3 18. Bg4 Ne3 19. Bxh3 Nxd1 20. Bxc8 axb5 21.
Bxb7 Rab8 22. Rexd1 Rxb7 23. c5 dxc5 24. Rxc5 f5 25.
d6 Rd7 26. Bc3 Ra8 27. a3 e4 28. Bxg7 Kxg7 29. Rxb5 Ra6 30. Rbd5 Rb6 31. b4 Ra6 32. Ra1 Kf7 33. b5 Ra5 34. a4 Ke6 35. Rdd1 Rxd6 36.
Rxd6+ Kxd6 37. h4 Kc5 38. Kf1 Ra7 39. Ke2 Kb6 40. Ke3 Rd7 41. Ra2 Rd3+ 42. Kf4 Rf3+ 43. Kg5 e3 44. fxe3 Rxg3+ 45. Kh6 Rxe3 46. a5+ Ka7 47. a6 Re7 48. Kg5 Kb6 49. Kf6 Rc7 0-1

[Event "Late-Titled-Tuesday-Blitz-September-05-2023"]
[Site "Chess.com"]
[Date "2023.09.05"]
[Round "7"]
[White "Andrei_Skvortsov"]
[Black "Beca95"]
[Result "0-1"]
[WhiteElo "2633"]
[BlackElo "2959"]
[TimeControl "180+1"]
[EndTime "15:18:21 PDT"]
[Termination "Beca95 won by resignation"]

1. e4 e5 2. Nf3 Nc6 3. Nc3 Nf6 4.
d4 Bb4 5. d5 Ne7 6. Bd3 Bxc3+ 7. bxc3 d6 8. h3 Ng6 9. Bb5+ Bd7 10. Bd3 O-O 11. c4 b6 12. g3 h6 13. Be3 c6 14. Nd2 Re8 15. Qe2 Qc8 16. Qf1 cxd5 17.
cxd5 Qc3 18. Rb1 Ba4 19. Kd1 Rac8 20. Nb3 Nxd5 21. Bd2 Qc7 22. exd5 e4 23. Ba6 Qxc2+ 24. Ke2 e3 25. fxe3 Rc3 26. Qf2 Qxa2 27. Nd4 Rexe3+ 28. Qxe3 Rxe3+ 29. Kxe3 Qxd5 30. Be2 Qe5+ 31. Kd3 Qxg3+ 32.
Be3 Nf4+ 33. Kd2 Nd5 34. Nf5 Qe5 35. Bd3 Bd7 36. Nxh6+ gxh6 37. Rbe1 Qc3+ 38. Ke2 Nxe3 39. Kxe3 Bf5 40. Rhg1+ Kh8 41. Rd1 d5 42. Rg3 Qe5+ 43.
Kf2 Qd4+ 44. Ke2 Qe5+ 45. Re3 Be4 46. Bxe4 dxe4 47. Rd8+ Kh7 48. Rd7 Kg6 49. Rxa7 f5 50. Ra6 Qb5+ 0-1

[Event "Late-Titled-Tuesday-Blitz-September-05-2023"]
[Site "Chess.com"]
[Date "2023.09.05"]
[Round "7"]
[White "Matibar"]
[Black "CrushingKings"]
[Result "1-0"]
[WhiteElo "2878"]
[BlackElo "2539"]
[TimeControl "180+1"]
[EndTime "15:18:21 PDT"]
[Termination "Matibar won by resignation"]

1. Nf3 Nf6 2. c4 g6 3. Nc3 Bg7 4. d4 d6 5. e4 O-O 6. h3 e5 7. d5 Na6 8. Be3 Nc5 9. Nd2 a5 10. g4 Ne8 11. g5 f5 12. h4 f4 13. Bxc5 dxc5 14. Bh3 Nd6 15. Bxc8 Qxc8 16. Qf3 Qd7 17. a4 Ra6 18. b3 Raa8 19. O-O-O Qe7 20. Rdg1 Qd7 21.
Kc2 Rab8 22. Rd1 Kf7 23. Nf1 Kg8 24. Nh2 Rbe8 25. Ng4 Kf7 26. h5 Ke7 27. hxg6 hxg6 28. Rh7 Rf7 29. Rxg7 Rxg7 30. Nxe5 Qc8 31. Nd3 Rf8 32. e5 Qf5 33. exd6+ cxd6 34. Qe4+ Kd7 35. Qxf5+ Rxf5 36. Ne4 Re7 37. f3 Rxe4 38. fxe4 Rxg5 39. Nxf4 Rg4 40. Rf1 g5 41. Ne6 Rxe4 42. Rf7+ Ke8 43. Rxb7 g4 44. Rg7 Re2+ 45. Kd3 Rb2 46. Kc3 Rg2 47.
Kd3 Rg3+ 48. Ke4 Rxb3 49. Rxg4 Kf7 50. Kf5 Rf3+ 51. Rf4 Ra3 52. Re4 Rf3+ 53. Kg4 Ra3 54. Nd8+ Kf8 55. Kf5 Rxa4 56. Ke6 Rb4 57. Kxd6 a4 58.
Kxc5 Rb8 59. Nc6 Ra8 60. d6 a3 61. d7 a2 62. Re1 1-0

[Event "Late-Titled-Tuesday-Blitz-September-05-2023"]
[Site "Chess.com"]
[Date "2023.09.05"]
[Round "7"]
[White "Michalczak"]
[Black "GP9isback23"]
[Result "1/2-1/2"]
[WhiteElo "2514"]
[BlackElo "2673"]
[TimeControl "180+1"]
[EndTime "15:18:21 PDT"]
[Termination "Game drawn by repetition"]

1. e4 c5 2. c3 Nf6 3. e5 Nd5 4. Nf3 e6 5. d4 cxd4 6. cxd4 d6 7.
Bc4 Nb6 8. Bb3 d5 9. O-O Be7 10. Nc3 Bd7 11. Re1 a6 12. Bc2 Nc6 13. a3 Nc4 14. b3 Nb6 15. Qd3 h6 16. g3 Rc8 17. Bd2 Na7 18. a4 Nc6 19. Ne2 Nb4 20.
Bxb4 Bxb4 21. Rec1 a5 22. h4 Qe7 23. Nf4 Rc3 24. Qe2 O-O 25. Nh5 Rfc8 26. Nh2 Qf8 27. Ng4 Ba3 28. Nxh6+ gxh6 29. Rxa3 Qxa3 30. Qg4+ Kf8 31.
Qg7+ Ke8 32. Re1 Kd8 33. Bh7 Qe7 34. Nf6 Kc7 35. Bg8 Rf8 36. Qxh6 Kb8 37. Qg7 Rcc8 38.
h5 Rxg8 39. Nxg8 Qf8 40. Qxf8 Rxf8 41. Nf6 Rh8 42. g4 Be8 43. g5 Nd7 44. h6 Nf8 45.
Kg2 Ng6 46. Kg3 Bc6 47. f4 Kc7 48. Rc1 Kd8 49. Kg4 Ke7 50. Nh5 Kd7 51. Nf6+ Ke7 52.
Nh5 Rb8 53. Nf6 Rh8 1/2-1/2

[Event "Late-Titled-Tuesday-Blitz-September-05-2023"]
[Site "Chess.com"]
[Date "2023.09.05"]
[Round "7"]
[White "allvim"]
[Black "stregachess"]
[Result "1/2-1/2"]
[WhiteElo "2283"]
[BlackElo "2095"]
[TimeControl "180+1"]
[EndTime "15:18:21 PDT"]
[Termination "Game drawn by repetition"]

1. e4 c5 2. Nf3 d6 3. d4 cxd4 4.
Nxd4 Nf6 5. Nc3 g6 6. Bc4 Bg7 7. Bb3 O-O 8. f3 Nc6 9. Be3 Nxd4 10. Bxd4 Be6 11. Qd2 a6 12. O-O-O Rc8 13. h4 Qa5 14. Kb1 b5 15. h5 b4 16. Nd5 Bxd5 17. exd5 Qb5 18.
hxg6 hxg6 19. Qg5 a5 20. Qh4 Rfd8 21. c4 bxc3 22. Bxc3 Rxc3 23. bxc3 Rc8 24. c4 Qb4 25. Qe1 Qc5 26. Qxe7 Rb8 27. Kc2 a4 28. Rhe1 axb3+ 29. axb3 Ra8 30. Ra1 Rxa1 31. Rxa1 Nxd5 32. Ra8+ Kh7 33.
Qh4+ Bh6 34. Qd8 Qf2+ 35. Kb1 Qe1+ 36. Ka2 Qd2+ 37. Ka3 Qc1+ 38. Ka4 Bg7 39. Qg8+ Kh6 40. cxd5 Qc5 41. Qb8 Qxd5 42. b4 Bd4 43. Qg8 Qa2+ 44.
Kb5 Qd5+ 45. Ka4 Qa2+ 46. Kb5 Qe2+ 47. Kc6 Qc4+ 48. Kd7 Qb5+ 49. Kc7 Qxb4 50. Kd7 Qb5+ 51. Ke7 Qe5+ 52. Kd7 Qe6+ 53. Kc6 d5+ 54. Kb5 Qb6+ 55. Ka4 Bg7 56. Qb8 Qd4+ 57. Qb4 Qa1+ 58. Qa3 Qd1+ 59. Qb3 Qa1+ 60. Qa3 Qd4+ 61. Qb4 Qa1+ 62. Qa3 1/2-1/2

[Event "Late-Titled-Tuesday-Blitz-September-05-2023"]
[Site "Chess.com"]
[Date "2023.09.05"]
[Round "7"]
[White "Valio_M1948"]
[Black "Ali_rastbod"]
[Result "1-0"]
[WhiteElo "2532"]
[BlackElo "2701"]
[TimeControl "180+1"]
[EndTime "15:18:22 PDT"]
[Termination "Valio_M1948 won by resignation"]

1. d4 g6 2. e4 Bg7 3. Nc3 d6 4. Be3 a6 5. Qd2 b5 6. Nf3 Bb7 7. Bd3 Nd7 8. O-O e6 9. a3 h6 10.
h3 Ne7 11. Rad1 g5 12. Rfe1 Nb6 13. Qe2 Ng6 14. e5 d5 15. Bxg6 fxg6 16. Qd3 O-O 17.
Qxg6 Qe8 18. Qxe8 Rfxe8 19. b3 Bf8 20. Bc1 Rac8 21. Na2 a5 22. Bd2 a4 23. Bb4 c5 24.
Bxc5 Bxc5 25. dxc5 Rxc5 26. Nd4 axb3 27. cxb3 Kf7 28.
b4 Rc6 29. Nxb5 Ke7 30. Nd6 Rxd6 31. exd6+ Kxd6 32. Nc3 Ke7 33. a4 Rc8 34. a5 Rxc3 35. axb6 Rc4 36. Rc1 Kd6 37. Rxc4 dxc4 38. Rc1 Kd5 39.
Kf1 Kd4 40. f3 c3 41. Ke2 Ba6+ 42. Kd1 Kd3 43. b5 Bb7 44. Ra1 Kc4 45. Ra7 Kb3 46. Rxb7 Kb2 47. Rc7 1-0

[Event "Late-Titled-Tuesday-Blitz-September-05-2023"]
[Site "Chess.com"]
[Date "2023.09.05"]
[Round "7"]
[White "Firouzja2003"]
[Black "GM_dmitrij"]
[Result "1-0"]
[WhiteElo "3128"]
[BlackElo "3035"]
[TimeControl "180+1"]
[EndTime "15:18:23 PDT"]
[Termination "Firouzja2003 won by resignation"]

1. e4 e5 2. Nf3 Nc6 3. Bb5 a6 4. Ba4 Nf6 5. O-O Bc5 6. c3 b5 7. Bb3 d6 8. d4 Bb6 9. Be3 O-O 10.
Nbd2 Re8 11. Re1 h6 12. h3 Rb8 13. a3 Bd7 14. Qc2 Na5 15. Ba2 c5 16. b4 cxd4 17. cxd4 Rc8 18. Qd3 exd4 19. Bxd4 Nc6 20. Bxb6 Qxb6 21.
Qxd6 Be6 22. Bxe6 Rxe6 23. Qf4 Nd4 24. e5 Nxf3+ 25. Nxf3 Rc4 26. Qd2 Ne4 27. Qe3 Qxe3 28. Rxe3 Ng5 29. Nd2 Rc2 30. Nb3 Rec6 31. Nd4 Rc1+ 32.
Kh2 Rxa1 33. Nxc6 Ne6 34. Nb8 Nc7 35. Rc3 Nd5 36. Rd3 Nc7 37. Rd8+ Kh7 38. Rd7 Ne6 39.
Rxf7 Rxa3 40. Re7 Nd4 41. Rd7 Nf5 42. e6 Ra2 43. e7 Re2 44. Nc6 Kg6 45. g4 Nxe7 46.
Nxe7+ Kf6 47. Nd5+ Kg6 48. Nf4+ 1-0

[Event "Late-Titled-Tuesday-Blitz-September-05-2023"]
[Site "Chess.com"]
[Date "2023.09.05"]
[Round "7"]
[White "Quattroporte300"]
[Black "MikeSailer"]
[Result "1-0"]
[WhiteElo "2393"]
[BlackElo "2182"]
[TimeControl "180+1"]
[EndTime "15:18:23 PDT"]
[Termination "Quattroporte300 won by resignation"]

1. e4 d5 2. exd5 Qxd5 3. Nf3 Bg4 4. Be2 Nc6 5. h3 Bh5 6. O-O O-O-O 7. Nc3 Qd7 8. d3 Nf6 9. Be3 e5 10. a4 Bd6 11. Nb5 Kb8 12. Nxd6 Qxd6 13. Nd2 Bxe2 14.
Qxe2 Rhg8 15. Ne4 Nxe4 16. dxe4 Nd4 17. Qc4 Qe6 18. Qxe6 Nxe6 19. c3 Nf4 20. Rfd1 b6 21. g3 Ne6 22. f4 exf4 23. gxf4 h6 24. Kf2 Kc8 25. a5 Rxd1 26. Rxd1 Rd8 27. Rxd8+ Kxd8 28. h4 Kd7 29. f5 Nd8 30. Bd4 g6 31. Kf3 c5 32. Be3 Kc6 33. Bxh6 bxa5 34. Kf4 Kb5 35. Bf8 Kc4 36. Kg5 a4 37. fxg6 fxg6 38. Kxg6 Nb7 39. h5 Kb3 40. h6 Kxb2 41. h7 a3 42.
h8=Q a2 43. c4+ Kb1 44. Bg7 Nd6 45. Qh1+ Kc2 46. Qg2+ 1-0

[Event "Late-Titled-Tuesday-Blitz-September-05-2023"]
[Site "Chess.com"]
[Date "2023.09.05"]
[Round "7"]
[White "in_shambles"]
[Black "Kosak12"]
[Result "0-1"]
[WhiteElo "2119"]
[BlackElo "2794"]
[TimeControl "180+1"]
[EndTime "15:18:26 PDT"]
[Termination "Kosak12 won on time"]

1. d4 Nf6 2. c4 e6 3. Nc3 Bb4 4.
Qc2 c5 5. dxc5 Na6 6. a3 Bxc3+ 7. Qxc3 Nxc5 8. Nf3 b6 9. Bf4 Bb7 10. e3 O-O 11. Be2 Rc8 12. O-O d5 13. Rad1 Qe7 14. Qc2 h6 15. Be5 Rfd8 16. cxd5 Nxd5 17. Qb1 Rd7 18. Nd4 Rcd8 19. Bb5 Nxe3 20. fxe3 Qg5 21. Rf2 Qxe5 22. Bxd7 Rxd7 23. Nf3 Rxd1+ 24. Qxd1 Qxe3 25.
Qe1 Qb3 26. Nd4 Qd5 27. Nc2 Nd3 28. Qf1 Nxf2 29. Qxf2 Qd1+ 30. Ne1 Ba6 31. h3 Qe2 32. Qg3 Kh7 33. Kh2 Bc4 34. Nf3 Bd5 35. Ne5 Bxg2 36. Nxf7 Bd5+ 37. Kg1 Qd1+ 38. Kf2 Qc2+ 39. Ke1 Qb1+ 40. Kd2 Qxb2+ 41. Ke1 Qb1+ 42. Kd2 Qa2+ 43. Ke1 Qa1+ 44. Kd2 Qf6 45. Nd6 Qg5+ 46. Qxg5 hxg5 47. Ke3 Kg6 0-1

[Event "Late-Titled-Tuesday-Blitz-September-05-2023"]
[Site "Chess.com"]
[Date "2023.09.05"]
[Round "7"]
[White "geordie_derraugh"]
[Black "Alexei_Gubajdullin"]
[Result "1-0"]
[WhiteElo "2504"]
[BlackElo "2592"]
[TimeControl "180+1"]
[EndTime "15:18:27 PDT"]
[Termination "geordie_derraugh won by checkmate"]

1. e4 g6 2. d4 d6 3. Nc3 a6 4.
Nf3 Bg7 5. a4 b6 6. h3 Nf6 7. Bd3 Bb7 8. O-O O-O 9. Re1 e6 10.
Bg5 h6 11. Bh4 Qd7 12. e5 Nd5 13. Nxd5 Bxd5 14. Bf6 Nc6 15. Bxg7 Kxg7 16. exd6 cxd6 17. c3 Bxf3 18. Qxf3 d5 19. Qe2 Qd6 20. Bxa6 h5 21. Bd3 Ra7 22. Bc2 Na5 23. Qb5 Rb8 24. Bd3 h4 25.
Bf1 g5 26. Qe2 Rba8 27. Qg4 Qf4 28. Qxf4 gxf4 29. Bb5 Nb3 30. Rad1 Kf6 31. Re5 Rg8 32. Kf1 f3 33. gxf3 Raa8 34. Rh5 Rh8 35. Rxh8 Rxh8 36. Kg2 Kf5 37. Re1 Kf4 38. Re3 Nd2 39.
Be2 Ra8 40. Bd1 Rg8+ 41. Kh1 Nc4 42. Re2 Kxf3 43. b3 Na5 44. Rxe6+ Kxf2 45. Rf6+ Ke1 46. Bg4 Nxb3 47. Rxb6 Nd2 48. Rf6 Rb8 49. Rxf7 Rb1 50. Kg2 Nc4 51. Rf1+ Kd2 52. Rxb1 Ne3+ 53. Kf3 Nc4 54.
Rb5 Kxc3 55. Rxd5 Nd2+ 56. Kf4 Kc4 57. Rd8 Nf1 58. d5 Ng3 59. d6 Kc5 60. d7 Kc6 61.
Rc8+ Kd6 62. d8=Q# 1-0

[Event "Late-Titled-Tuesday-Blitz-September-05-2023"]
[Site "Chess.com"]
[Date "2023.09.05"]
[Round "7"]
[White "Rinqed222"]
[Black "FeketeBarika"]
[Result "1-0"]
[WhiteElo "2254"]
[BlackElo "2392"]
[TimeControl "180+1"]
[EndTime "15:18:28 PDT"]
[Termination "Rinqed222 won on time"]

1. e4 e6 2. d4 d5 3. e5 c5 4. c3 Nc6 5. Nf3 Bd7 6. Be2 cxd4 7.
cxd4 Nh6 8. Bxh6 gxh6 9. Nc3 Bg7 10. Qd2 O-O 11. O-O f6 12. exf6 Qxf6 13. Bb5 Nb8 14. Ne5 Bxb5 15. Nxb5 a6 16. Nd6 Qe7 17. Qb4 b5 18.
Qc5 Rd8 19. Ne4 Qh4 20. Ng3 Nd7 21. Nxd7 Rxd7 22. Qc6 Rad8 23. Qxe6+ Rf7 24. Nf5 Qf6 25. Nxg7 Qxg7 26. Rad1 Qh8 27. Qxh6 Rdf8 28. Qxa6 Qg7 29.
Qxb5 Kh8 30. Qxd5 Rf5 31. Qe4 Rg8 32. g3 Rh5 33. d5 Qh6 34. Qg2 Qd6 35. Rfe1 Rf8 36.
Re6 Qc5 37. d6 Qc2 38. Rf1 Qf5 39. Qe4 Qf7 40. Qd4+ Kg8 41. Rfe1 Rf5 42. f4 Qh5 43. Re7 R5f7 44. d7 Rxe7 45. Rxe7 Qg6 46. d8=Q Qb1+ 47. Kg2 Qc2+ 48. Qd2 Qc6+ 49. Q8d5+ 1-0

[Event "Late-Titled-Tuesday-Blitz-September-05-2023"]
[Site "Chess.com"]
[Date "2023.09.05"]
[Round "7"]
[White "Witik"]
[Black "Dontmesswithme_2"]
[Result "1-0"]
[WhiteElo "2672"]
[BlackElo "2480"]
[TimeControl "180+1"]
[EndTime "15:18:29 PDT"]
[Termination "Witik won on time"]

1. d4 d5 2. Bf4 Nf6 3. e3 e6 4. Nd2 Bd6 5. Ngf3 c5 6. c3 O-O 7. Bd3 Qc7 8. Bxd6 Qxd6 9. Ne5 Nfd7 10. f4 Nc6 11. O-O f5 12. Qh5 Nf6 13. Qh4 Qc7 14. Ndf3 c4 15. Bc2 Nxe5 16. dxe5 Ne4 17. Nd4 Nc5 18.
g4 Qf7 19. Rf2 Kh8 20. Rg2 g6 21. Kh1 Bd7 22. Rag1 Rg8 23. Rg3 b5 24. h3 a5 25.
Qh6 Qf8 26. Qh4 Qd8 27. Qxd8 Raxd8 28. h4 b4 29. h5 bxc3 30. bxc3 Rb8 31. hxg6 hxg6 32.
Rh3+ Kg7 33. gxf5 exf5 34. Bxf5 Bxf5 35. Nxf5+ Kf8 36. Nd6 Nd3 37. Rh7 Rg7 38. Rh8+ Rg8 39. Rxg8+ Kxg8 40. Rxg6+ Kh7 41. Rf6 Rb1+ 42. Kg2 Rb2+ 43.
Kg3 Re2 44. Nf5 Nc5 45. Rh6+ Kg8 46. e6 Ne4+ 47. Kh3 Nf2+ 48. Kh4 Ne4 49. e7 Rh2+ 50. Kg4 Rg2+ 51. Kh3 1-0

[Event "Late-Titled-Tuesday-Blitz-September-05-2023"]
[Site "Chess.com"]
[Date "2023.09.05"]
[Round "7"]
[White "leschebaza"]
[Black "jup1978"]
[Result "0-1"]
[WhiteElo "2394"]
[BlackElo "2546"]
[TimeControl "180+1"]
[EndTime "15:18:29 PDT"]
[Termination "jup1978 won on time"]

1. d4 d5 2. c4 c6 3. cxd5 cxd5 4.
Bg5 f6 5. Bd2 Nc6 6. Nf3 e5 7.
dxe5 fxe5 8. e4 dxe4 9. Ng5 Nf6 10. Nc3 Bc5 11. Ncxe4 Bb6 12. Bc4 Bf5 13. Ng3 Bxf2+ 14. Kxf2 Qd4+ 15. Ke1 Qxc4 16. Nxf5 O-O-O 17. Rc1 Qd3 18.
Ne7+ Kb8 19. Nxc6+ bxc6 20. Qb3+ Qxb3 21. axb3 Rhe8 22.
Rxc6 h6 23. Ne6 Rd7 24. Nc5 Rd5 25. Ke2 e4 26. Rc1 e3 27. Be1 Nh5 28. Bg3+ Nxg3+ 29. hxg3 Rd2+ 30. Ke1 Rxg2 31. Nd7+ Kb7 32. Rc7+ Ka6 33. R1c6+ Kb5 34. Rc5+ Ka6 35. b4 Rg1+ 36. Ke2 Rg2+ 37. Kd3 Rd2+ 38. Kc3 Rxd7 39. Rxd7 e2 40. b5+ Kb6 41.
Rc6+ Kxb5 42. Rcc7 e1=Q+ 43. Kb3 Re3+ 44. Ka2 Qa5+ 0-1

[Event "Late-Titled-Tuesday-Blitz-September-05-2023"]
[Site "Chess.com"]
[Date "2023.09.05"]
[Round "7"]
[White "ural58"]
[Black "zeitnot2006"]
[Result "1-0"]
[WhiteElo "2546"]
[BlackElo "2748"]
[TimeControl "180+1"]
[EndTime "15:18:30 PDT"]
[Termination "ural58 won by resignation"]

1. e4 c6 2. Nc3 d5 3. Nf3 Bg4 4. h3 Bxf3 5. Qxf3 e6 6. Be2 Nd7 7. d4 dxe4 8. Nxe4 Ngf6 9. Bd2 Be7 10. O-O-O Nxe4 11. Qxe4 Nf6 12. Qd3 O-O 13. c4 b5 14.
Bf3 Rc8 15. Kb1 bxc4 16. Qxc4 Qb6 17. Bf4 c5 18. d5 exd5 19. Bxd5 Nxd5 20. Rxd5 Qg6+ 21.
Ka1 Qxg2 22. Rhd1 Qxf2 23. Be5 Rcd8 24. a3 Rxd5 25. Rxd5 Bf6 26. Bxf6 Qxf6 27. Rxc5 g6 28. Rc7 Rb8 29. Qc1 a5 30. Rc5 Qb6 31. Qc3 a4 32. Rc4 Qa6 33. Qd4 Qe6 34. h4 h5 35. Rxa4 Rc8 36.
Qd2 Qf6 37. Rd4 Re8 38. Ka2 Qe6+ 39. b3 Qf6 40. a4 Re5 41. Ka3 Qe7+ 42. Qb4 Qf6 43.
Qb8+ Kg7 44. Rd8 Qe7+ 45. Qd6 Re4 46. Qxe7 Rxe7 47. a5 g5 48. hxg5 h4 49. Rd4 h3 50.
Rh4 Re5 51. Ka4 Rxg5 52. Rxh3 Rg1 53. a6 Ra1+ 54. Kb5 f5 55. Kb6 Kf6 56. b4 Ke5 57. b5 f4 58. Ka7 Ke4 59. b6 f3 60.
Rh2 Ke3 61. b7 Rb1 62. b8=Q 1-0

[Event "Late-Titled-Tuesday-Blitz-September-05-2023"]
[Site "Chess.com"]
[Date "2023.09.05"]
[Round "7"]
[White "Chessdreamer2020"]
[Black "Athanasios2"]
[Result "1-0"]
[WhiteElo "2525"]
[BlackElo "2699"]
[TimeControl "180+1"]
[EndTime "15:18:30 PDT"]
[Termination "Chessdreamer2020 won on time"]

1. e4 c5 2. Nf3 d6 3. d4 cxd4 4.
Qxd4 Nc6 5. Qe3 Nf6 6. h3 g6 7.
Be2 Bg7 8. O-O O-O 9. Rd1 Qc7 10. c4 b6 11. Nc3 Bb7 12. Rb1 Rac8 13. b3 Rfd8 14.
Bb2 e6 15. Rbc1 Qe7 16. Ba3 Ne8 17. Bf1 Ne5 18. Nxe5 Bxe5 19. f4 Bg7 20. e5 Qh4 21. exd6 Rd7 22. c5 bxc5 23. Bxc5 Qh5 24. b4 a6 25. Na4 Rc6 26. b5 axb5 27. Bxb5 Rcxd6 28. Rxd6 Rxd6 29. Bxe8 Rd8 30. Bb5 Qd5 31. Bf1 Qxa2 32.
Nc3 Qa8 33. Rd1 Rc8 34. Nb5 Bd5 35. Bd4 Bxd4 36. Nxd4 Qa7 37. Nf5 Qc7 38. Nh6+ Kg7 39. Ng4 Qc5 40. Qxc5 Rxc5 41. Ne3 Be4 42. Rd4 Bc6 43.
Rc4 Rxc4 44. Nxc4 Kf6 45. Kf2 Kf5 46. Ke3 Kf6 47. Ne5 Bd5 48. g4 g5 49. Nd7+ Ke7 50.
Nb6 gxf4+ 51. Kxf4 Bc6 52. Kg5 Be4 53. Nc4 f6+ 54. Kh6 Bb1 55. Bg2 Kf7 56. Be4 1-0

[Event "Late-Titled-Tuesday-Blitz-September-05-2023"]
[Site "Chess.com"]
[Date "2023.09.05"]
[Round "7"]
[White "karinachess1"]
[Black "Gogolev_Artemy"]
[Result "0-1"]
[WhiteElo "2550"]
[BlackElo "2447"]
[TimeControl "180+1"]
[EndTime "15:18:31 PDT"]
[Termination "Gogolev_Artemy won on time"]

1. c4 c6 2. d4 d5 3. Nf3 Nf6 4.
g3 Bf5 5. Qb3 Qb6 6. Nc3 e6 7.
c5 Qxb3 8. axb3 h6 9. b4 a6 10. b5 Be7 11. Ne5 Nfd7 12. Nxd7 Kxd7 13. f3 cxb5 14. e4 dxe4 15. fxe4 Bg6 16. Bxb5+ Nc6 17. Bc4 Nxd4 18. O-O Bxc5 19. Kg2 b5 20. Bd3 Ke7 21. Be3 Rhd8 22. Rad1 Nb3 23. Bf4 Bd4 24. Bc2 Nc5 25. b4 Nb7 26. Ne2 Bb6 27. h3 f6 28. Bb1 e5 29. Bc1 Nd6 30. Nc3 Bf7 31. Rd2 Nc4 32. Rxd8 Rxd8 33. Ba2 Rd3 34. Rf3 Rxf3 35. Kxf3 Bd4 36. Ne2 Bb6 37. Bb1 Nd6 38. Nc3 Bc4 39. Be3 Bd4 40. Nd1 Bb3 41. Nf2 Nc4 42. Bxd4 exd4 43. Bd3 Ne5+ 44. Ke2 Bc4 45. Bxc4 bxc4 46. Kd2 Kd6 47. Nd1 Kc6 48. Nf2 Kb5 49. Ng4 Nxg4 50. hxg4 Kxb4 51. e5 fxe5 52. g5 hxg5 0-1